 Dungeon Crawl Stone Soup version 0.28-a0-1555-g9ae15a6949 (webtiles) character file.

Game seed: 16444983172039260260

116 HallandMoats the Skirmisher (level 5, 0/41 HPs)
             Began as a Ghoul Monk on Jan 18, 2022.
             Was a Priest of Hepliaklqana.
             Slain by an orc wizard (2 damage)
             ... on level 2 of the Dungeon.
             The game lasted 00:03:14 (1968 turns).

HallandMoats the Skirmisher (Ghoul Monk)            Turns: 1968, Time: 00:03:15

Health: 0/41       AC: 10    Str: 17    XL:     5   Next: 0%
Magic:  4/4        EV: 11    Int:  5    God:    Hepliaklqana [***...]
Gold:   169        SH:  0    Dex: 11    Spells: 4/4 levels left

rFire   . . .      SeeInvis .     - Unarmed
rCold   + . .      Faith    .   (no shield)
rNeg    + + +      Spirit   .   g - +0 ring mail
rPois   ∞          Reflect  .   e - +0 helmet
rElec   .          Harm     .   (no cloak)
rCorr   .          Rampage  .   (no gloves)
Will    .....                   (no boots)
Stlth   ..........              c - amulet of the acrobat
HPRegen 0.00/turn               h - +4 ring of protection
MPRegen 0.09/turn               (no ring)

@: confused, inhibited regen
A: reduced essence, claws 1, cold resistance 1, negative energy resistance 3,
inhibited regeneration, torment resistance 2
a: Renounce Religion, Recall Ancestor, Ancestor Identity, Transference


You were on level 2 of the Dungeon.
You worshipped Hepliaklqana.
Hepliaklqana was most pleased with you.
You visited 1 branch of the dungeon, and saw 3 of its levels.

You collected 169 gold pieces.

Inventory:

Armour
 e - a +0 helmet (worn)
 g - a +0 ring mail (worn)
Jewellery
 b - a ring of flight
 c - an amulet of the acrobat (around neck)
 h - a +4 ring of protection (left claw)
Scrolls
 a - a scroll of fog {unknown}
 d - a scroll of noise {unknown}
 f - a scroll of fear {unknown}
 i - 3 scrolls of identify {unknown}
 j - 2 scrolls of teleportation {unknown}
 k - a scroll of enchant weapon {unknown}
Potions
 l - a potion of magic


   Skills:
 + Level 4.0 Fighting
 * Level 2.3 Axes
 + Level 1.5 Armour
 + Level 3.2 Dodging
 - Level 2.1 Stealth
 - Level 3.2 Unarmed Combat


You had 4 spell levels left.
You didn't know any spells.
Your spell library contained the following spells:

 Spells                   Type           Power      Damage    Failure   Level
 Leda's Liquefaction      Hex/Erth       0%         N/A       100%        4
 Lee's Rapid Deconstruct  Erth           0%         3d5*      100%        5
 Statue Form              Tmut/Erth      Unusable   N/A       N/A         6

Dungeon Overview and Level Annotations

Branches:
Dungeon (3/15)

Altars:
Hepliaklqana


Innate Abilities, Weirdness & Mutations

Your life essence is reduced to manifest your ancestor. (-10% HP)
You thrive by killing the living.
You are immune to poison.
You have sharp fingernails.
Your flesh is cold resistant. (rC+)
You are immune to negative energy. (rN+++)
You do not regenerate when monsters are visible.
You are immune to unholy pain and torment.


Message History

You bump into the rock wall.
The jackal bites you but does no damage.
The jackal bites you.
* * * LOW HITPOINT WARNING * * *
The orc wizard points at you and mumbles some strange words.
You are more confused.
You miss the orc wizard.
The orc wizard is severely wounded.
The jackal closely misses you.
The orc wizard mumbles some strange words.
The orc wizard flickers and vanishes!
Deactivating autopickup; reactivate with Ctrl-A.
You closely miss something. The jackal barely misses you. Something hits you.
* * * LOW HITPOINT WARNING * * *
You convulse.
* * * LOW HITPOINT WARNING * * *
You bump into the rock wall.
The jackal bites you but does no damage. x2
Something hits you but does no damage.
You closely miss the jackal. The jackal barely misses you.
You closely miss something. Something hits you but does no damage.
The jackal closely misses you.
You closely miss something. Your claw misses something. The jackal bites you.
* * * LOW HITPOINT WARNING * * *
Something hits you but does no damage.
The jackal stops to sniff the ground.
The jackal bites you but does no damage.
It was a potion of magic.
Magic courses through your body. Something hits you but does no damage.
The jackal bites you but does no damage.
Okay, then.
You scratch something. Your claw misses something.
The jackal bites you but does no damage.
Something hits you.
* * * LOW HITPOINT WARNING * * *
You convulse.
* * * LOW HITPOINT WARNING * * *
You scratch something but do no damage. The jackal barely misses you.
Something hits you.
You die...

#.##################
...#...............#
...#.#############.#
.....##........# #.#
..#...'........# #.#
..#.###........# #.#
..#.# #....##### #.#
..#.###.##########.#
.............hoh@#.#
###..##..##.####{#.###
#........##.# #o#...#
#.##.###.#<)# #h###.#
#.##.....##.# #.# #.#
#.##..##..))# #.# #†#
#.##...####.# #.# #.#
#'##(#.# #.# #.# #.#
....)#.## #.# #.###.#


You could see 2 orcs and 3 jackals.

Vanquished Creatures
  Robin (D:2)
  An adder (D:2)
  A worm (D:2)
  A dart slug (D:1)
  3 endoplasms
  4 goblins (D:2)
  3 hobgoblins
  3 jackals (D:1)
  2 quokkas
  10 ball pythons
  2 bats (D:1)
  A frilled lizard (D:2)
  2 kobolds (D:2)
  12 rats
46 creatures vanquished.

Vanquished Creatures (collateral kills)
  An orc priest (D:3)
  An adder (D:2)
  An orc (D:3)
  3 goblins (D:2)
  2 hobgoblins (D:2)
  A jackal (D:2)
9 creatures vanquished.

Vanquished Creatures (others)
  A goblin (D:2)
  2 hexers
  5 toadstools (D:1)
8 creatures vanquished.

Grand Total: 63 creatures vanquished

Notes
Turn   | Place    | Note
-------+----------+-------------------------------------------
     0 | D:1      | HallandMoats the Ghoul Monk began the quest for the Orb.
     0 | D:1      | Reached XP level 1. HP: 19/19 MP: 0/0
   268 | D:1      | Found a faded altar of an unknown god.
   280 | D:1      | Reached XP level 2. HP: 26/26 MP: 1/1
   284 | D:1      | Prayed at the altar of an unknown god.
   284 | D:1      | Became a worshipper of Hepliaklqana the Forgotten
   284 | D:1      | Reached * piety under Hepliaklqana
   284 | D:1      | Reached ** piety under Hepliaklqana
   286 | D:1      | Remembered your ancestor Zayda as a hexer
   588 | D:1      | Reached skill level 1 in Axes
  1095 | D:2      | Reached *** piety under Hepliaklqana
  1098 | D:2      | Reached XP level 3. HP: 27/27 MP: 2/2
  1167 | D:2      | Noticed Robin
  1176 | D:2      | Reached skill level 1 in Armour
  1411 | D:2      | Killed Robin
  1549 | D:2      | Reached XP level 4. HP: 35/36 MP: 3/3
  1950 | D:3      | Reached skill level 4 in Fighting
  1950 | D:3      | Reached XP level 5. HP: 28/41 MP: 4/4
  1967 | D:2      | HP: 2/41 [something (1)]
  1968 | D:2      | Slain by an orc wizard

Illustrated notes

Levels and vault maps discovered:
D:1:      ldierk_walled_garden, layout_basic, hellmonk_ecumenical_altar_blasted,
          serial_glass, glass_columns_b, glass_columns_b, glass_columns_b,
          glass_columns_a, glass_columns_a, glass_columns_b, glass_columns_a,
          glass_columns_a, glass_columns_a, glass_columns_a,
          minmay_rat_gold_closets
D:2:      layout_basic, minmay_quadrilaterals, uniq_robin
D:3:      layout_basic, chequers_serial_rivers_small_b,
          minmay_fractal_squares_gapless_5

Skill      XL: |  1  2  3  4 |
---------------+-------------+-----
Axes           | 1 2 |  2.3
Armour         | 1 |  1.5
Dodging        | 3 |  3.2
Fighting       | 4 |  4.0
Stealth        | |  2.1
Unarmed Combat | |  3.2

Action                   |  1- 3 |  4- 6 || total
-------------------------+-------+-------++-------
Melee: Unarmed           |   100 |    44 ||   144
       Punch             |     4 |     1 ||     5
Invok: Ancestor Life: He |     1 |       ||     1
  Use: Potion            |       |     1 ||     1
 Stab: Sleeping          |     7 |       ||     7
       Distracted        |     1 |       ||     1
Armor: Robe              |    11 |       ||    11
       Ring mail         |    20 |    40 ||    60
Dodge: Dodged            |    73 |    46 ||   119

Table legend: (Time is in decaauts)
 A = Elapsed time spent in this place.
 B = Non-inter-level travel time spent in this place.
 C = Inter-level travel time spent in this place.
 D = Time resting spent in this place.
 E = Time spent auto-exploring this place.
 F = Levels seen in this place.
 G = Mean time per level.
                   A        B        C        D        E       F      G
               +--------+--------+--------+--------+--------+-----+--------+
         Total |   1963 |   1942 |     21 |    282 |   1282 |   3 |  654.3 |
       Dungeon |   1963 |   1942 |     21 |    282 |   1282 |   3 |  654.3 |
               +--------+--------+--------+--------+--------+-----+--------+

Top non-repeatable levels by time:
     D:1: 1219 daAuts
     D:2: 730 daAuts
     D:3: 12 daAuts
